 Dungeon Crawl Stone Soup version 0.29.1-2-gbd0b4ee654 (webtiles) character file.

Game seed: 4076354930089419805

247 GorkyZ the Chopper (level 5, -13/45 HPs)
             Began as a Demonspawn Gladiator on Nov 17, 2022.
             Mangled by an ogre
             ... wielding a +0 giant spiked club
              (29 damage)
             ... on level 4 of the Dungeon.
             The game lasted 00:16:01 (3849 turns).

GorkyZ the Chopper (Demonspawn Gladiator)           Turns: 3849, Time: 00:16:02

Health: -13/45     AC:  7    Str: 21    XL:     5   Next: 85%
Magic:  5/5        EV: 12    Int:  8    God:
Gold:   284        SH:  0    Dex: 13    Spells: 4/4 levels left

rFire   . . .      SeeInvis .   a - +0 war axe
rCold   . . .      Faith    .   (no shield)
rNeg    . . .      Spirit   .   l - +0 leather armour of Grace {rCorr Stlth+}
rPois   .          Reflect  .   c - +0 helmet
rElec   .          Harm     .   (no cloak)
rCorr   +          Rampage  .   (no gloves)
Will    .....      Clarity  +   o - +0 pair of boots
Stlth   ++........              (no amulet)
HPRegen 0.15/turn               (no ring)
MPRegen 0.18/turn               (no ring)

@: no status effects
A: icy blue scales 1, magic regeneration, condensation shield, weakness stinger
1, clarity, robust 1, strong 1
a: no special abilities


You were on level 4 of the Dungeon.
You visited 1 branch of the dungeon, and saw 4 of its levels.

You collected 284 gold pieces.

Inventory:

Hand Weapons
 a - a +0 war axe (weapon)
 p - a +0 short sword
Missiles
 e - a javelin (quivered)
 i - 2 throwing nets
 x - 12 poisoned darts
Armour
 b - a +0 leather armour
 c - a +0 helmet (worn)
 l - the +0 leather armour of Grace (worn) {rCorr Stlth+}
   (You found it on level 4 of the Dungeon)

   rCorr:     It protects you from acid and corrosion.
   Stlth:     It makes you more stealthy.
 o - a +0 pair of boots (worn)
 v - a +0 ring mail
Magical Staves
 r - a staff of death
Jewellery
 f - a +4 ring of evasion
 s - a ring of magical power
Wands
 d - a wand of flame (24)
Scrolls
 h - 2 scrolls of magic mapping
 k - a scroll of fog {unknown}
 m - a scroll of poison {unknown}
 q - 2 scrolls of immolation {unknown}
 u - a scroll of enchant armour {unknown}
 y - 3 scrolls of teleportation {unknown}
Potions
 g - 4 potions of curing
 n - 2 potions of haste
 t - a potion of ambrosia


   Skills:
 + Level 3.2 Fighting
 + Level 3.6 Axes
 + Level 3.0 Throwing
 + Level 1.8 Armour
 + Level 3.5 Dodging


You had 4 spell levels left.
You didn't know any spells.
Your spell library contained the following spells:

 Spells                   Type           Power      Damage    Failure   Level
 Sandblast                Erth           0%         2d4       45%         1
 Slow                     Hex            0%         N/A       45%         1
 Passwall                 Tmut/Erth      0%         N/A       58%         2
 Confusing Touch          Hex            0%         N/A       83%         3
 Ignite Poison            Fire/Tmut/Pois 0%         N/A       83%         3
 Mephitic Cloud           Conj/Pois/Air  0%         N/A       83%         3
 Stone Arrow              Conj/Erth      0%         3d7       83%         3
 Vampiric Draining        Necr           0%         2d6       83%         3
 Freezing Cloud           Conj/Ice/Air   0%         6-21      100%        5


Dungeon Overview and Level Annotations

Branches:
Dungeon (4/15)
 Temple: D:4-7

Altars:


Innate Abilities, Weirdness & Mutations

You are partially covered in icy blue scales. (AC +2)
You regenerate magic rapidly.
A meltable shield of frost defends you. (SH +0)
You have a small tail.
You possess an exceptional clarity of mind.
You are robust. (+10% HP)
Your muscles are strong. (Str +4, Int/Dex -1)


Message History

You block the orc's attack. The orc closely misses you.
You closely miss the orc.
The orc shouts!
You slash the orc!
You kill the orc!
You completely miss the orc wizard. You barely miss the orc.
The orc wizard hits you with a +0 dagger.
The orc hits you with a +0 mace.
The orc wizard hits you but does no damage.
The orc attacks as you move away! The orc hits you with a +0 flail.
The orc wizard attacks as you move away!
You block the orc wizard's attack. The orc attacks as you move away!
The orc hits you with a +0 flail.
The orc wizard gestures at you while chanting.
The puff of flame hits you.
Your condensation shield dissipates!
You barely miss the orc. You tail-slap the orc.
The orc is heavily wounded.
The orc wizard gestures wildly while chanting.
The orc wizard flickers and vanishes!
Deactivating autopickup; reactivate with Ctrl-A.
The orc hits you with a +0 mace. The orc misses you.
You slash the orc!
You kill the orc!
You barely miss something. You closely miss the orc. Something hits you.
The orc hits you but does no damage.
You slash the orc!
You kill the orc!
You miss something. Something hits you but does no damage.
You slash the ogre!
Your tail-slap misses the ogre.
The ogre is heavily wounded.
You miss something.
The ogre hits you with a +0 giant spiked club.
Something hits you but does no damage. x2
You barely miss the ogre.
The ogre is heavily wounded.
You hit something.
The ogre hits you with a +0 giant spiked club!!
Ouch! That really hurt!
You die...

..#..........#.........
...............).$.....
................).#
.#................##
...................#
...................#
.........######...##
........## #{O..##
.......## ##@)..#
.##.#..## #.....#
..#.#...# ##....#
..#.....# #...##
........# ##.##
#.......##### ##
#......).#..#
............#
...........##


You could see an ogre.

Vanquished Creatures
  A kobold brigand (D:4)
  An iguana (D:4)
  Ijyb (D:3)
  5 adders
  4 worms
  5 orcs (D:4)
  5 ball pythons (D:1)
  4 bats
  2 endoplasms (D:1)
  5 giant cockroaches
  7 goblins
  5 hobgoblins
  3 jackals
  8 kobolds
  A quokka (D:1)
  5 frilled lizards
  7 rats
69 creatures vanquished.

Vanquished Creatures (others)
  2 fungi (D:2)
  3 plants (D:2)
5 creatures vanquished.

Grand Total: 74 creatures vanquished

Notes
Turn   | Place    | Note
-------+----------+-------------------------------------------
     0 | D:1      | GorkyZ the Demonspawn Gladiator began the quest for the
                  | Orb.
     0 | D:1      | Reached XP level 1. HP: 16/16 MP: 1/1
   412 | D:1      | Gained mutation: You are partially covered in icy blue
                  | scales. (AC +2) [demonic ancestry]
   412 | D:1      | Reached XP level 2. HP: 19/22 MP: 2/2
  1003 | D:1      | Gained mutation: A meltable shield of frost defends you.
                  | (SH +0) [demonic ancestry]
  1003 | D:1      | Reached XP level 3. HP: 28/28 MP: 3/3
  1826 | D:2      | Found a faded altar of an unknown god.
  1958 | D:2      | Gained mutation: You regenerate magic rapidly. [demonic
                  | ancestry]
  1958 | D:2      | Reached XP level 4. HP: 34/34 MP: 4/4
  2529 | D:3      | Reached skill level 1 in Armour
  2856 | D:3      | Noticed Ijyb
  3021 | D:3      | Gained mutation: Your system is resistant to poisons.
                  | (rPois) [potion of mutation]
  3025 | D:3      | Lost mutation: Your system is resistant to poisons. (rPois)
                  | [potion of mutation]
  3025 | D:3      | Gained mutation: Your body sometimes deteriorates upon
                  | taking damage. [potion of mutation]
  3026 | D:3      | Lost mutation: Your body sometimes deteriorates upon taking
                  | damage. [potion of mutation]
  3026 | D:3      | Gained mutation: You are robust. (+10% HP) [potion of
                  | mutation]
  3026 | D:3      | Gained mutation: You possess an exceptional clarity of
                  | mind. [potion of mutation]
  3026 | D:3      | Gained mutation: Your muscles are strong. (Str +4, Int/Dex
                  | -1) [potion of mutation]
  3153 | D:3      | Killed Ijyb
  3190 | D:3      | Gained mutation: You have a small tail. [demonic ancestry]
  3190 | D:3      | Reached XP level 5. HP: 39/44 MP: 5/5
  3504 | D:4      | Identified the +0 leather armour of Grace {rCorr Stlth+}
  3835 | D:4      | Noticed an ogre
  3849 | D:4      | Mangled by an ogre

Illustrated notes

Levels and vault maps discovered:
D:1:      dpeg_arrival_brainrot, layout_basic, serial_co_window_serial,
          co_window_of_opportunity_a, co_window_paths_a, co_window_paths_a,
          co_window_paths_b, co_window_cross_1, co_window_paths_a,
          co_window_corner_a, co_window_2corner, co_window_cross_4,
          co_window_corner_b, co_window_unsneaky_path_d, glass_columns_b,
          glass_columns_a, minmay_strange_pillars, minmay_quantized
D:2:      layout_basic, shapermc_ecumenical_altar_ellora
D:3:      layout_basic, uniq_ijyb
D:4:      layout_cave_pools, temple_fountains, chequers_serial_rivers_large_a

Skill      XL: |  1  2  3  4  5 |
---------------+----------------+-----
Throwing       | 2 3 |  3.0
Axes           | 3 |  3.6
Dodging        | 3 |  3.5
Armour         | 1 |  1.8
Fighting       | 3 |  3.2

Action                   |  1- 3 |  4- 6 || total
-------------------------+-------+-------++-------
Melee: War axe           |   131 |   105 ||   236
       Punch             |     1 |     2 ||     3
       Tailslap          |       |     3 ||     3
Throw: Throwing net      |       |     3 ||     3
  Use: Potion            |       |     7 ||     7
       Scroll            |       |     5 ||     5
 Stab: Sleeping          |     3 |       ||     3
Armor: Leather armour    |    47 |    23 ||    70
       Ring mail         |       |    12 ||    12
       Skin              |       |     2 ||     2
Dodge: Dodged            |   115 |    63 ||   178
Block: Other             |     3 |    20 ||    23
